 Dungeon Crawl Stone Soup version 0.28-a0-804-g60983d4ba9 (webtiles) character file.

Game seed: 1307329299329204093

2632 devnull the Spear-Bearer (level 9, -2/72 HPs)
             Began as a Merfolk Gladiator on Oct 23, 2021.
             Was a Follower of Zin.
             Slain by an orc warrior (24 damage)
             ... in a bailey on Nov 8, 2021.
             The game lasted 00:34:05 (7703 turns).

devnull the Spear-Bearer (Merfolk Gladiator)        Turns: 7703, Time: 00:34:05

Health: -2/72      AC:  5    Str: 21    XL:     9   Next: 61%
Magic:  12/12      EV: 21    Int:  8    God:    Zin [*.....]
Gold:   217        SH:  0    Dex: 17    Spells: 1/8 levels left

rFire   . . .      SeeInvis .   D - +3 spear {@w1}
rCold   . . .      Faith    .   (no shield)
rNeg    . . .      Spirit   .   b - +0 leather armour
rPois   .          Reflect  .   c - +0 helmet
rElec   .          Harm     .   (no cloak)
rCorr   .          Rampage  .   n - +0 pair of gloves
Will    .....                   (no boots)
Stlth   +.........              (no amulet)
HPRegen 0.22/turn               f - +6 ring of strength
MPRegen 0.13/turn               o - +4 ring of evasion

@: hasted, very quick
A: (nimble swimmer 2), mertail
a: Renounce Religion, Recite, Donate Gold


You were in a bailey.
You worshipped Zin.
Zin was aware of your devotion.
You visited 2 branches of the dungeon, and saw 8 of its levels.
You also visited: Bailey.

You collected 241 gold pieces.
You donated 24 gold pieces to Zin.

Inventory:

Hand Weapons
 i - a +0 hunting sling {@w2}
 D - a +3 spear (weapon) {@w1}
Missiles
 d - 5 throwing nets (quivered)
 j - 124 stones
 A - 22 poisoned darts
Armour
 b - a +0 leather armour (worn)
 c - a +0 helmet (worn)
 n - a +0 pair of gloves (worn)
Jewellery
 f - a +6 ring of strength (left hand)
 h - a ring of resist corrosion
 o - a +4 ring of evasion (right hand)
 r - an amulet of magic regeneration
 x - a ring of see invisible
Wands
 l - a wand of digging (4)
Scrolls
 a - a scroll of teleportation {unknown}
 e - a scroll of magic mapping
 g - 2 scrolls of enchant weapon
 k - a scroll of holy word {unknown}
 m - a scroll of silence
 q - a scroll of enchant armour {unknown}
 u - 2 scrolls of fear
 v - 2 scrolls of noise {unknown}
 y - 2 scrolls of fog {unknown}
 B - a scroll of brand weapon {unknown}
 C - 2 scrolls of immolation {unknown}
Potions
 s - a potion of brilliance {unknown}
 t - 2 potions of curing
 w - 2 potions of might
 z - a potion of lignification {unknown}
Miscellaneous
 E - a lightning rod (2/4)


   Skills:
 + Level 7.6 Fighting
 + Level 10.5 Polearms
 - Level 2.0 Throwing
 + Level 9.5 Dodging
 + Level 3.8 Ice Magic
 + Level 4.2 Invocations


You had one spell level left.
You knew the following spells:

 Your Spells              Type           Power      Damage    Failure   Level
a - Ozocubu's Refrigerat  Ice            3%         4d5       100%        7

Your spell library contained the following spells:

 Spells                   Type           Power      Damage    Failure   Level
 Ozocubu's Armour         Ice            6%         N/A       30%         3
 Static Discharge         Conj/Air       0%         N/A       58%         2
 Lightning Bolt           Conj/Air       0%         1d11      100%        5
 Maxwell's Capacitive Co  Air            0%         ∞         100%        8


Dungeon Overview and Level Annotations

Branches:
Dungeon (7/15)             Temple (1/1) D:5          Bailey (1/1)

Altars:
Ashenzari
Cheibriados
Dithmenos
Elyvilon
Fedhas
Gozag
Hepliaklqana
Kikubaaqudgha
Makhleb
Nemelex Xobeh
Okawaru
Ru
Sif Muna
Trog
Uskayaw
Vehumet
Wu Jian
Xom
Yredelemnul
Zin
The Shining One

Shops:
D:5 :(:(

Annotations:
D:4 exclusion: ogre, Sigmund


Innate Abilities, Weirdness & Mutations

((You are quick and stealthy near water. (Stealth+, EV+, Speed+++)))
Your lower body shifts to a powerful aquatic tail in water.


Message History

You hit the orc warrior but do no damage.
The orc warrior is severely wounded.
The orc warrior closely misses you.
You hit the orc warrior.
The orc warrior is almost dead. "...souls of the agents of filth, and with their impure..."
The orc warrior closely misses you.
You hit the orc warrior but do no damage.
The orc warrior is almost dead.
The orc warrior hits you with a +0 battleaxe!!
* * * LOW HITPOINT WARNING * * *
You feel yourself speed up. "...ways, the balance hath tipped against them!"
You finish reciting Ablutions 11:29.
The orc warrior closely misses you. The orc warrior misses you.
The orc warrior barely misses you. The orc warrior closely misses you.
There is an open door, spattered with blood here.
Things that are here:
a +0 war axe; a +0 leather armour; a hobgoblin corpse
Found an iron altar of Okawaru.
You feel better.
You hit the orc warrior but do no damage.
The orc warrior is almost dead.
You are ready to recite again.
You hit the orc warrior.
You kill the orc warrior!
You are too injured to fight recklessly!
You are too injured to fight recklessly!
Reach: D) +3 spear {@w1}
Press: ? - help, Dir - move target, f - orc warrior
Aim: an orc warrior, wielding a +0 battleaxe and wearing a +0 plate armour (lightly wounded, about 28% to evade your +3 spear)
You reach to attack!
You barely miss the orc warrior.
The orc warrior is lightly wounded.
You hit the orc warrior but do no damage.
The orc warrior is lightly wounded.
You barely miss the orc warrior.
The orc warrior is lightly wounded.
The orc warrior hits you with a +0 battleaxe!!
You die...

#### ####._.####
###.)$...$!.###
#.............##
...............#
...............#
.............#
#......@..#
####.)o####
###)###
##.)...##
#...8.o.#
#∩.....∩#
##..)..##
####+++####
##≈.......≈##


You could see an orc warrior.

Vanquished Creatures
  4 yaks (D:7)
  A sky beast (D:5)
  3 orc warriors (Bailey)
  An ice beast (D:6)
  An ogre (D:5)
  3 necrophages
  A centaur (D:6)
  2 phantoms
  A wyvern zombie (D:7)
  Blork the orc (D:4)
  4 scorpions
  A water moccasin zombie (D:5)
  A water moccasin skeleton (D:5)
  A centaur zombie (D:7)
  A bullfrog zombie (D:6)
  2 orc priests
  A bullfrog skeleton (D:5)
  A jelly (D:6)
  2 orc wizards
  A howler monkey zombie (D:7)
  14 gnolls
  8 adders
  A white imp (D:6)
  An adder skeleton (D:2)
  A worm (D:4)
  4 dart slugs
  12 orcs
  5 ball pythons
  7 endoplasms
  4 giant cockroaches
  3 goblins
  9 hobgoblins
  4 quokkas
  4 bats
  5 frilled lizards
  4 kobolds
  A quokka skeleton (D:4)
  6 rats
126 creatures vanquished.

Vanquished Creatures (others)
  A plant (D:1)
1 creature vanquished.

Grand Total: 127 creatures vanquished

Notes
Turn   | Place    | Note
-------+----------+-------------------------------------------
     0 | D:1      | devnull the Merfolk Gladiator began the quest for the Orb.
     0 | D:1      | Reached XP level 1. HP: 16/16 MP: 1/1
   172 | D:1      | Reached XP level 2. HP: 23/23 MP: 2/2
   363 | D:1      | Found a faded altar of an unknown god.
  1204 | D:2      | Reached skill level 5 in Polearms
  1204 | D:2      | Reached XP level 3. HP: 24/28 MP: 3/3
  2156 | D:3      | Reached XP level 4. HP: 32/35 MP: 4/4
  2303 | D:3      | Reached skill level 5 in Dodging
  2951 | D:4      | Noticed Sigmund
  3268 | D:4      | Noticed a scorpion
  3287 | D:4      | Noticed a scorpion
  3318 | D:4      | Reached XP level 5. HP: 39/42 MP: 5/5
  3413 | D:4      | Noticed an ogre
  3434 | D:4      | Reached skill level 6 in Polearms
  3699 | D:4      | Reached XP level 6. HP: 46/48 MP: 6/6
  3763 | D:4      | Noticed Blork the orc
  3774 | D:4      | Killed Blork the orc
  3775 | D:4      | Reached skill level 7 in Polearms
  4361 | D:5      | Entered Level 5 of the Dungeon
  4361 | D:5      | Found Kukis's Antique Weapon Boutique.
  4432 | D:5      | Found Wiqureri's Book Boutique.
  4432 | D:5      | Found Qoxuela's Antique Weapon Boutique.
  4442 | D:5      | Reached skill level 5 in Fighting
  4442 | D:5      | Reached XP level 7. HP: 43/56 MP: 7/7
  4863 | D:5      | Reached skill level 8 in Polearms
  5048 | D:5      | Found Wutacocw's Book Shop.
  5128 | D:5      | Found a staircase to the Ecumenical Temple.
  5140 | D:5      | Reached XP level 8. HP: 64/64 MP: 8/8
  5305 | Temple   | Entered the Ecumenical Temple
  5568 | Temple   | Upgraded the game from 0.28-a0-697-g47f3eba078 to
                  | 0.28-a0-804-g60983d4ba9
  5570 | Temple   | Became a worshipper of Zin the Law-Giver
  5570 | Temple   | Reached * piety under Zin
  5692 | D:5      | Reached skill level 9 in Polearms
  5692 | D:5      | Reached skill level 1 in Invocations
  5746 | D:5      | Learned a level 7 spell: Ozocubu's Refrigeration
  5855 | D:6      | Reached skill level 1 in Ice Magic
  6864 | D:6      | Reached XP level 9. HP: 69/71 MP: 11/11
  7114 | D:7      | Reached skill level 10 in Polearms
  7407 | D:7      | Found a flagged portal.
  7451 | Bailey   | Entered a bailey
  7696 | Bailey   | Found an iron altar of Okawaru.
  7703 | Bailey   | Slain by an orc warrior

Illustrated notes

Levels and vault maps discovered:
D:1:      dpeg_arrival_stonehenge_8_columns, layout_basic,
          shapermc_ecumenical_altar_mp_ritualfount
D:2:      layout_basic, kennysheep_potato
D:3:      layout_loops_corners
D:4:      layout_rooms, minmay_parallelograms, uniq_sigmund, uniq_blork_the_orc
D:5:      layout_basic, minmay_temple_entry_slanted, serial_shops, shop,
          nicolae_stop_n_shop_1, nicolae_stop_n_shop_1, shop
D:6:      layout_cave_pods
D:7:      layout_basic, enter_bailey_2, kennysheep_decorative_pillar,
          uniq_prince_ribbit1
Temple:   compressed_dpeg_triangle_lava_temple
Bailey:   bailey_axe_3, bailey

Skill      XL: |  1  2  3  4  5  6  7  8  9 |
---------------+----------------------------+-----
Polearms       | 5 6 7 8 9 10 | 10.5
Fighting       | 3 4 5 6 7 |  7.6
Dodging        | 5 6 7 8 9 |  9.5
Invocations    | 2 4 |  4.2
Ice Magic      | 2 3 |  3.8
Throwing       | |  2.0

Action                   |  1- 3 |  4- 6 |  7- 9 || total
-------------------------+-------+-------+-------++-------
Melee: Trident           |   139 |   110 |    61 ||   310
       Spear             |       |       |   260 ||   260
 Fire: Hunting sling     |       |    39 |     7 ||    46
Throw: Throwing net      |     1 |     1 |       ||     2
Invok: Recite            |       |       |     1 ||     1
Evoke: Lightning rod     |       |       |     2 ||     2
  Use: Scroll            |     4 |     3 |     2 ||     9
       Potion            |       |     1 |     5 ||     6
 Stab: Sleeping          |     3 |     1 |     1 ||     5
       Distracted        |       |     1 |       ||     1
Armor: Leather armour    |    19 |     5 |    20 ||    44
Dodge: Dodged            |    68 |    59 |   193 ||   320

Table legend: (Time is in decaauts)
 A = Elapsed time spent in this place.
 B = Non-inter-level travel time spent in this place.
 C = Inter-level travel time spent in this place.
 D = Time resting spent in this place.
 E = Time spent auto-exploring this place.
 F = Levels seen in this place.
 G = Mean time per level.
                   A        B        C        D        E       F      G
               +--------+--------+--------+--------+--------+-----+--------+
         Total |   7578 |   7261 |    317 |    389 |   5517 |   9 |  842.0 |
       Dungeon |   7078 |   6788 |    290 |    268 |   5288 |   7 | 1011.1 |
        Temple |    272 |    245 |     27 |      0 |    229 |   1 |  272.0 |
        Bailey |    227 |    227 |      0 |    121 |      0 |   1 |  227.0 |
               +--------+--------+--------+--------+--------+-----+--------+

Top non-repeatable levels by time:
     D:4: 1435 daAuts
     D:6: 1225 daAuts
     D:1: 1083 daAuts
     D:5: 1051 daAuts
     D:3: 1029 daAuts
     D:2: 866 daAuts
     D:7: 386 daAuts
  Temple: 272 daAuts
  Bailey: 227 daAuts
